Avalanche vs Lightning
Created - May 4, 2021 at 20:20
Goals
|
| Avalanche |
0 |
2 |
2 |
4 |
| Lightning |
2 |
0 |
3 |
5 |
|
Shots
|
| Avalanche |
16 |
6 |
14 |
36 |
| Lightning |
6 |
8 |
12 |
26 |
|
1st period
1. Lightning , Ondrej Palat 9 (Stephen Weiss 15, Sergei Shirokov 20) at 8:38
2. Lightning , Sam Gagner 21 (Alexander Wennberg 17, Brent Seabrook 26) at 9:59
Penalties :
Justin Schultz (TB.) for Hooking (Minor) at 0:22, Patric Hornqvist (Col) for Interference (Minor) at 4:23, Bobby Ryan (TB.) for Slashing (Minor) at 11:16
2nd period
3. Avalanche , Jack Johnson 9 (Andrew Ladd 21, Charlie Coyle 18) at 1:01
4. Avalanche , James Van Riemsdyk 17 (Colten Teubert 22, Paul Stastny 38) at 1:32
Penalties :
Mikkel Boedker (Col) for Roughing (Minor) at 7:34, Rickard Rakell (TB.) for Boarding (Minor) at 18:54
3rd period
5. Lightning , Brian Flynn 4 (Alex Killorn 8, Justin Schultz 28) at 1:44
6. Avalanche , Paul Stastny 21 (Evgeny Dadonov 23) at 10:12 (PP)
7. Avalanche , Andrew Ladd 19 (Charlie Coyle 19, Peter Prucha 17) at 13:49
8. Lightning , Bobby Ryan 20 (Alexander Wennberg 18, Jon Merrill 34) at 15:49
9. Lightning , Justin Schultz 9 (Sergei Shirokov 21, Philipp Grubauer) at 18:40
Penalties :
Paul Stastny (Col) for Hooking (Minor) at 8:09, Joni Pitkanen (TB.) for Holding (Minor) at 8:46, Bobby Ryan (TB.) for Roughing (Minor) at 10:56
Goalie Stats
Semyon Varlamov (Col), 21 saves from 26 shots - (0.808), L, 24-15-5, 59:09 minutes
Philipp Grubauer (TB.), 32 saves from 36 shots - (0.889), W, 36-26-5, 60:00 minutes
Players Stats for Avalanche
Player Name G A P +/- PIM S H SB GA TA FO MP PP MP PK MP
------------------------------------------------------------------------------------
Andrew Ladd 1 1 2 0 0 4 2 0 1 2 0/0 14:43 0:00 1:44
Bryan Little 0 0 0 -2 0 3 1 1 0 0 14/25 19:45 4:38 0:00
Charlie Coyle 0 2 2 0 0 4 3 0 1 0 10/16 15:18 0:00 2:36
Colten Teubert 0 1 1 -2 0 0 1 0 0 0 0/0 19:47 2:26 1:57
Danny Richmond 0 0 0 0 0 0 1 1 0 0 0/0 11:53 0:00 0:12
Erik Karlsson 0 0 0 -2 0 1 2 2 0 0 0/0 20:36 5:34 0:12
Evgeny Dadonov 0 1 1 1 0 4 3 0 0 1 0/0 15:04 3:22 0:00
Jack Johnson 1 0 1 0 0 3 1 1 0 1 0/0 25:41 2:26 2:26
James Van Riemsdyk 1 0 1 1 0 2 3 0 0 0 0/0 15:19 3:22 0:15
Kyle Turris 0 0 0 -1 0 2 0 0 0 0 1/3 8:39 0:00 1:23
Luke Witkowski 0 0 0 -1 0 1 0 0 0 1 0/0 9:34 0:00 2:36
Marc Staal 0 0 0 0 0 2 1 2 0 0 0/0 28:20 5:34 2:26
Mattias Ekholm 0 0 0 0 0 2 1 0 1 0 0/0 13:43 0:00 1:57
Mikkel Boedker 0 0 0 -2 2 2 3 1 0 0 0/2 20:22 4:38 0:00
Patric Hornqvist 0 0 0 -2 2 3 4 0 0 0 0/0 20:35 4:38 0:00
Paul Stastny 1 1 2 1 2 1 2 1 0 0 9/13 15:03 3:22 0:00
Peter Prucha 0 1 1 0 0 2 2 0 0 0 0/0 12:40 0:00 0:36
Tomas Tatar 0 0 0 -1 0 0 1 0 1 0 1/1 6:58 0:00 0:00
Players Stats for Lightning
Player Name G A P +/- PIM S H SB GA TA FO MP PP MP PK MP
------------------------------------------------------------------------------------
Alex Killorn 0 1 1 0 0 1 1 0 0 0 0/0 8:22 0:00 0:00
Alexander Wennberg 0 2 2 2 0 1 0 0 0 0 3/8 14:53 2:05 0:00
Ben Lovejoy 0 0 0 -1 0 0 2 0 0 0 0/0 20:19 0:00 3:40
Bobby Ryan 1 0 1 2 4 1 2 1 0 0 0/0 17:25 2:05 1:10
Brent Seabrook 0 1 1 2 0 3 3 5 1 0 0/0 28:39 2:32 4:32
Brian Flynn 1 0 1 0 0 3 1 0 0 0 2/7 8:25 0:00 0:00
Jesper Fast 0 0 0 0 0 1 1 0 0 0 0/0 8:31 0:00 0:00
Jon Merrill 0 1 1 -2 0 1 0 3 0 0 0/0 22:15 0:00 3:28
Joni Pitkanen 0 0 0 1 2 0 3 2 0 0 0/0 11:13 2:02 0:00
Justin Schultz 1 1 2 3 2 1 0 3 0 2 0/0 25:14 2:32 3:16
Kyle Clifford 0 0 0 1 0 6 2 0 1 0 0/0 23:05 2:30 4:48
Mark Scheifele 0 0 0 1 0 3 0 0 0 0 17/34 23:00 2:30 4:48
Ondrej Palat 1 0 1 -1 0 1 1 0 0 0 0/1 10:54 0:00 0:47
Rickard Rakell 0 0 0 1 2 0 0 0 1 0 0/1 18:18 2:23 1:39
Sam Gagner 1 0 1 2 0 1 1 0 0 1 0/1 14:16 2:05 0:00
Sergei Shirokov 0 2 2 -1 0 0 2 0 0 0 1/2 10:09 0:07 0:00
Shayne Gostisbehere 0 0 0 1 0 2 1 1 1 1 0/0 12:20 2:03 1:04
Stephen Weiss 0 1 1 -1 0 1 0 0 1 0 2/6 13:15 0:00 2:48
3 Stars
1 - Justin Schultz (TB.)
2 - Brent Seabrook (TB.)
3 - Sam Gagner (TB.)
Power Play
Avalanche - 1 on 5 Attempt(s) - 20.00%
Lightning - 0 on 3 Attempt(s) - 0.00%
Penalty Kill
Avalanche - 3 on 3 Attempt(s) - 100.00%
- Score 0 goal in Penalty Kill
Lightning - 4 on 5 Attempt(s) - 80.00%
- Score 0 goal in Penalty Kill
Team Stat
Avalanche - Hits : 31 - Faceoff Wins : 35 - Blocked Shots : 9 - Penalty Minutes : 6
Lightning - Hits : 20 - Faceoff Wins : 25 - Blocked Shots : 15 - Penalty Minutes : 10
Official
Referees : Unknown
Linesman : Unknown
Game Notes
No Game Note
Finance
Level 1 -- Attendance: 4464 (74.40%) -- Ticket Income $513,360
Level 2 -- Attendance: 5000 (100.00%) -- Ticket Income $320,000
Level 3 -- Attendance: 1515 (75.75%) -- Ticket Income $66,660
Level 4 -- Attendance: 2664 (66.60%) -- Ticket Income $106,560
Luxury Box -- Attendance: 771 (77.10%) -- Ticket Income $165,765
Game was played at the Tampa Bay Stadium.
Total Attendance: 14414 (80.08%)
Total Ticket Income: $1,172,345
Other Income: $175,852
Total Income: $1,348,197
Avalanche
5 vs 5 Forward
Center Left Wing Right Wing Time % Phy DF OF
1 Bryan Little Mikkel Boedker Patric Hornqvist 35 1 2 2
2 Paul Stastny James Van Riemsdyk Evgeny Dadonov 30 1 2 2
3 Charlie Coyle Andrew Ladd Peter Prucha 25 1 2 2
4 Kyle Turris Tomas Tatar Luke Witkowski 10 1 2 2
5 vs 5 Defense
Defense Defense Time % Phy DF OF
1 Jack Johnson Marc Staal 40 1 2 2
2 Erik Karlsson Colten Teubert 35 1 2 2
3 Mattias Ekholm Danny Richmond 25 1 2 2
4 Jack Johnson Marc Staal 0 1 2 2
PowerPlay Forward
Center Left Wing Right Wing Time % Phy DF OF
1 Bryan Little Mikkel Boedker Patric Hornqvist 60 1 2 2
2 Paul Stastny James Van Riemsdyk Evgeny Dadonov 40 1 2 2
PowerPlay Defense
Defense Defense Time % Phy DF OF
1 Erik Karlsson Marc Staal 60 1 2 2
2 Jack Johnson Colten Teubert 40 1 2 2
Penalty Kill 4 Players Forward
Center Wing Time % Phy DF OF
1 Charlie Coyle Luke Witkowski 60 1 2 2
2 Kyle Turris Andrew Ladd 40 1 2 2
Penalty Kill 4 Players Defense
Defense Defense Time % Phy DF OF
1 Jack Johnson Marc Staal 60 1 2 2
2 Mattias Ekholm Colten Teubert 40 1 2 2
Penalty Kill - 3 Players Forward
Forward Time % Phy DF OF
1 Mikkel Boedker 60 1 2 2
2 Patric Hornqvist 40 1 2 2
Penalty Kill - 3 Players Defense
Defense Defense Time % Phy DF OF
1 Jack Johnson Marc Staal 60 1 2 2
2 Erik Karlsson Colten Teubert 40 1 2 2
4 vs 4 Forward
Center Wing Time % Phy DF OF
1 Mikkel Boedker Patric Hornqvist 60 1 2 2
2 Bryan Little Paul Stastny 40 1 2 2
4 vs 4 Defense
Defense Defense Time % Phy DF OF
1 Jack Johnson Marc Staal 60 1 2 2
2 Erik Karlsson Colten Teubert 40 1 2 2
Last Minutes Offensive
Center Left Wing Right Wing Defense Defense
Bryan Little Mikkel Boedker Patric Hornqvist Jack Johnson Erik Karlsson
Last Minutes Defensive
Center Left Wing Right Wing Defense Defense
Bryan Little Mikkel Boedker Patric Hornqvist Jack Johnson Marc Staal
Goaltenders
Starting : Semyon Varlamov
Backup : Cam Ward
Extra Forwards
Normal : Charlie Coyle, Andrew Ladd, Peter Prucha - PP : Charlie Coyle, Andrew Ladd - PK : Peter Prucha
Extra Defensemen
Normal : Mattias Ekholm, Danny Richmond, Erik Karlsson - PP : Mattias Ekholm - PK : Danny Richmond, Erik Karlsson
Penalty Shots
Mikkel Boedker, Patric Hornqvist, Bryan Little, Paul Stastny, Evgeny Dadonov
Scratches
None
Lightning
5 vs 5 Forward
Center Left Wing Right Wing Time % Phy DF OF
1 Mark Scheifele Kyle Clifford Rickard Rakell 40 1 1 3
2 Alexander Wennberg Sam Gagner Bobby Ryan 30 1 1 3
3 Stephen Weiss Ondrej Palat Sergei Shirokov 20 1 2 2
4 Brian Flynn Alex Killorn Jesper Fast 10 1 2 2
5 vs 5 Defense
Defense Defense Time % Phy DF OF
1 Brent Seabrook Justin Schultz 40 1 2 2
2 Ben Lovejoy Jon Merrill 30 1 2 2
3 Joni Pitkanen Shayne Gostisbehere 20 1 2 2
4 Brent Seabrook Jon Merrill 10 1 2 2
PowerPlay Forward
Center Left Wing Right Wing Time % Phy DF OF
1 Mark Scheifele Kyle Clifford Rickard Rakell 60 0 1 4
2 Alexander Wennberg Sam Gagner Bobby Ryan 40 1 0 4
PowerPlay Defense
Defense Defense Time % Phy DF OF
1 Brent Seabrook Justin Schultz 60 1 1 3
2 Joni Pitkanen Shayne Gostisbehere 40 1 1 3
Penalty Kill 4 Players Forward
Center Wing Time % Phy DF OF
1 Mark Scheifele Kyle Clifford 60 1 3 1
2 Stephen Weiss Bobby Ryan 40 1 3 1
Penalty Kill 4 Players Defense
Defense Defense Time % Phy DF OF
1 Brent Seabrook Justin Schultz 60 1 2 2
2 Ben Lovejoy Jon Merrill 40 1 2 2
Penalty Kill - 3 Players Forward
Forward Time % Phy DF OF
1 Mark Scheifele 60 1 3 1
2 Bobby Ryan 40 1 3 1
Penalty Kill - 3 Players Defense
Defense Defense Time % Phy DF OF
1 Brent Seabrook Justin Schultz 60 1 2 2
2 Ben Lovejoy Jon Merrill 40 1 2 2
4 vs 4 Forward
Center Wing Time % Phy DF OF
1 Mark Scheifele Kyle Clifford 60 1 1 3
2 Alexander Wennberg Bobby Ryan 40 1 1 3
4 vs 4 Defense
Defense Defense Time % Phy DF OF
1 Brent Seabrook Justin Schultz 60 1 2 2
2 Ben Lovejoy Jon Merrill 40 1 2 2
Last Minutes Offensive
Center Left Wing Right Wing Defense Defense
Mark Scheifele Kyle Clifford Bobby Ryan Brent Seabrook Justin Schultz
Last Minutes Defensive
Center Left Wing Right Wing Defense Defense
Mark Scheifele Kyle Clifford Bobby Ryan Brent Seabrook Justin Schultz
Goaltenders
Starting : Philipp Grubauer
Backup : Jhonas Enroth
Extra Forwards
Normal : Jesper Fast, Brian Flynn, Rickard Rakell - PP : Sergei Shirokov, Brian Flynn - PK : Rickard Rakell
Extra Defensemen
Normal : Joni Pitkanen, Shayne Gostisbehere, Justin Schultz - PP : Joni Pitkanen - PK : Shayne Gostisbehere, Brent Seabrook
Penalty Shots
Kyle Clifford, Bobby Ryan, Mark Scheifele, Sergei Shirokov, Sam Gagner
Scratches
Kevin Marshall (Healthy), Spencer Machacek (Healthy)
% Time on Ice - Avalanche
Lines # - Real PCT - Wanted PCT - Time Play
Normal Forward
1 - 31% - 35% - 14:08
2 - 27% - 30% - 12:00
3 - 27% - 25% - 11:59
4 - 15% - 10% - 6:58
Normal Defense
1 - 41% - 40% - 18:19
2 - 33% - 35% - 15:05
3 - 26% - 25% - 11:41
4 - 0% - 0% - 0:00
PP Forward
1 - 58% - 60% - 4:38
2 - 42% - 40% - 3:22
PP Defense
1 - 70% - 60% - 5:34
2 - 30% - 40% - 2:26
PK Forward
1 - 73% - 60% - 3:20
2 - 27% - 40% - 1:15
PK Defense
1 - 57% - 60% - 2:38
2 - 43% - 40% - 1:57
PK3 Forward
1 - 0% - 60%
2 - 0% - 40%
PK3 Defense
1 - 0% - 60%
2 - 0% - 40%
44 Forward
1 - 93% - 60% - 1:16
2 - 7% - 40% - 0:06
44 Defense
1 - 77% - 60% - 1:03
2 - 23% - 40% - 0:19
Last Minute Offensive - 0:58
Last Minute Defensive - 0:00
Total
Forward - 60:00
Defense - 60:00
|
% Time on Ice - Lightning
Lines # - Real PCT - Wanted PCT - Time Play
Normal Forward
1 - 32% - 40% - 14:14
2 - 28% - 30% - 12:26
3 - 22% - 20% - 10:02
4 - 19% - 10% - 8:22
Normal Defense
1 - 42% - 40% - 18:51
2 - 33% - 30% - 14:54
3 - 20% - 20% - 9:11
4 - 5% - 10% - 2:08
PP Forward
1 - 55% - 60% - 2:30
2 - 45% - 40% - 2:05
PP Defense
1 - 55% - 60% - 2:32
2 - 45% - 40% - 2:03
PK Forward
1 - 71% - 60% - 5:41
2 - 29% - 40% - 2:19
PK Defense
1 - 57% - 60% - 4:32
2 - 43% - 40% - 3:28
PK3 Forward
1 - 0% - 60%
2 - 0% - 40%
PK3 Defense
1 - 0% - 60%
2 - 0% - 40%
44 Forward
1 - 55% - 60% - 0:45
2 - 45% - 40% - 0:37
44 Defense
1 - 44% - 60% - 0:36
2 - 56% - 40% - 0:46
Last Minute Offensive - 0:00
Last Minute Defensive - 0:59
Total
Forward - 60:00
Defense - 60:00
|
Play-by-Play
1st period
0:01 of 1st period - Mark Scheifele wins face-off versus Bryan Little in neutral zone.
0:22 of 1st period - Minor Penalty to Justin Schultz for Hooking.
0:23 of 1st period - Mark Scheifele wins face-off versus Bryan Little in Lightning zone.
2:22 of 1st period - Penalty to Justin Schultz is over, Justin Schultz is back on ice.
2:34 of 1st period - Wrist shot by Peter Prucha.
2:34 of 1st period - Stopped by Philipp Grubauer with a rebound.
2:36 of 1st period - Wrist shot by Charlie Coyle.
2:36 of 1st period - Stopped by Philipp Grubauer without a rebound.
2:37 of 1st period - Alexander Wennberg wins face-off versus Charlie Coyle in Lightning zone.
2:37 of 1st period - Alexander Wennberg is hit by Andrew Ladd.
4:23 of 1st period - Minor Penalty to Patric Hornqvist for Interference.
4:24 of 1st period - Charlie Coyle wins face-off versus Mark Scheifele in Avalanche zone.
6:03 of 1st period - Icing by Kyle Clifford.
6:04 of 1st period - Charlie Coyle wins face-off versus Mark Scheifele in Lightning zone.
6:16 of 1st period - Icing by Sam Gagner.
6:17 of 1st period - Alexander Wennberg wins face-off versus Kyle Turris in Lightning zone.
6:23 of 1st period - Penalty to Patric Hornqvist is over, Patric Hornqvist is back on ice.
7:40 of 1st period - Peter Prucha is hit by Sam Gagner and loses puck.
7:55 of 1st period - Ben Lovejoy is hit by James Van Riemsdyk and loses puck.
8:08 of 1st period - Brent Seabrook is hit by Patric Hornqvist and loses puck.
8:17 of 1st period - Wrist shot by Mikkel Boedker.
8:17 of 1st period - Shot Blocked by Justin Schultz.
8:26 of 1st period - Off-side.
8:27 of 1st period - Sergei Shirokov wins face-off versus Kyle Turris in neutral zone.
8:38 of 1st period - Wrist shot by Ondrej Palat.
8:38 of 1st period - Goal by Ondrej Palat - Avalanche : 0 - Lightning : 1.
8:39 of 1st period - Bryan Little wins face-off versus Mark Scheifele in neutral zone.
9:09 of 1st period - Wrist shot by Sam Gagner.
9:09 of 1st period - Deflect By Jack Johnson.
9:09 of 1st period - Shot Blocked by Paul Stastny.
9:09 of 1st period - Puck is out of play.
9:10 of 1st period - Paul Stastny wins face-off versus Alexander Wennberg in Avalanche zone.
9:10 of 1st period - Paul Stastny is hit by Joni Pitkanen.
9:19 of 1st period - Wrist shot by Evgeny Dadonov.
9:19 of 1st period - Stopped by Philipp Grubauer without a rebound.
9:20 of 1st period - Bryan Little wins face-off versus Mark Scheifele in Lightning zone.
9:27 of 1st period - Snap shot by Mark Scheifele.
9:27 of 1st period - Stopped by Semyon Varlamov without a rebound.
9:28 of 1st period - Mark Scheifele wins face-off versus Bryan Little in Avalanche zone.
9:33 of 1st period - Snap shot by Mark Scheifele.
9:33 of 1st period - Stopped by Semyon Varlamov with a rebound.
9:49 of 1st period - Snap shot by Bryan Little.
9:49 of 1st period - Stopped by Philipp Grubauer with a rebound.
9:51 of 1st period - Wrist shot by Bryan Little.
9:51 of 1st period - Shot Misses the Net.
9:57 of 1st period - Slapshot by Brent Seabrook.
9:57 of 1st period - Stopped by Semyon Varlamov with a rebound.
9:59 of 1st period - Snap shot by Alexander Wennberg.
9:59 of 1st period - Deflect By Sam Gagner.
9:59 of 1st period - Goal by Sam Gagner - Avalanche : 0 - Lightning : 2.
10:00 of 1st period - Mark Scheifele wins face-off versus Charlie Coyle in neutral zone.
10:14 of 1st period - Icing by Justin Schultz.
10:15 of 1st period - Mark Scheifele wins face-off versus Paul Stastny in Lightning zone.
10:44 of 1st period - Colten Teubert is hit by Brent Seabrook and loses puck.
11:16 of 1st period - Minor Penalty to Bobby Ryan for Slashing.
11:17 of 1st period - Mark Scheifele wins face-off versus Bryan Little in Lightning zone.
11:32 of 1st period - Icing by Mikkel Boedker.
11:33 of 1st period - Mark Scheifele wins face-off versus Bryan Little in Avalanche zone.
11:43 of 1st period - Icing by Mikkel Boedker.
11:44 of 1st period - Mark Scheifele wins face-off versus Bryan Little in Avalanche zone.
12:07 of 1st period - Wrist shot by Mikkel Boedker.
12:07 of 1st period - Shot Misses the Net.
12:47 of 1st period - Jon Merrill is hit by Evgeny Dadonov and loses puck.
13:16 of 1st period - Penalty to Bobby Ryan is over, Bobby Ryan is back on ice.
13:28 of 1st period - Snap shot by Charlie Coyle.
13:28 of 1st period - Stopped by Philipp Grubauer with a rebound.
13:30 of 1st period - Slapshot by Charlie Coyle.
13:30 of 1st period - Shot Misses the Net.
13:32 of 1st period - Wrist shot by Andrew Ladd.
13:32 of 1st period - Deflect By Bobby Ryan.
13:32 of 1st period - Stopped by Philipp Grubauer without a rebound.
13:33 of 1st period - Charlie Coyle wins face-off versus Alexander Wennberg in Lightning zone.
15:33 of 1st period - Slapshot by Shayne Gostisbehere.
15:33 of 1st period - Shot Misses the Net.
15:45 of 1st period - Snap shot by Charlie Coyle.
15:45 of 1st period - Shot Blocked by Joni Pitkanen.
15:47 of 1st period - Wrist shot by Peter Prucha.
15:47 of 1st period - Deflect By Charlie Coyle.
15:47 of 1st period - Deflect By Mark Scheifele.
15:47 of 1st period - Stopped by Philipp Grubauer without a rebound.
15:48 of 1st period - Charlie Coyle wins face-off versus Mark Scheifele in Lightning zone.
15:55 of 1st period - Wrist shot by Kyle Clifford.
15:55 of 1st period - Shot Misses the Net.
16:05 of 1st period - Jack Johnson is hit by Ben Lovejoy and loses puck.
16:24 of 1st period - Snap shot by Stephen Weiss.
16:24 of 1st period - Shot Misses the Net.
16:26 of 1st period - Slapshot by Stephen Weiss.
16:26 of 1st period - Deflect By Bryan Little.
16:26 of 1st period - Shot Blocked by Mikkel Boedker.
16:26 of 1st period - Puck is out of play.
16:27 of 1st period - Bryan Little wins face-off versus Alexander Wennberg in Avalanche zone.
16:32 of 1st period - Justin Schultz is hit by Colten Teubert and loses puck.
16:41 of 1st period - Snap shot by Patric Hornqvist.
16:41 of 1st period - Stopped by Philipp Grubauer with a rebound.
16:53 of 1st period - Justin Schultz is hit by Erik Karlsson and loses puck.
17:00 of 1st period - Wrist shot by Andrew Ladd.
17:00 of 1st period - Shot Blocked by Brent Seabrook.
17:02 of 1st period - Slapshot by Mattias Ekholm.
17:02 of 1st period - Shot Misses the Net.
17:04 of 1st period - Snap shot by Peter Prucha.
17:04 of 1st period - Shot Blocked by Bobby Ryan.
17:06 of 1st period - Slapshot by Andrew Ladd.
17:06 of 1st period - Shot Misses the Net.
17:38 of 1st period - Snap shot by Patric Hornqvist.
17:38 of 1st period - Shot Misses the Net.
18:04 of 1st period - Snap shot by Luke Witkowski.
18:04 of 1st period - Stopped by Philipp Grubauer with a rebound.
18:06 of 1st period - Snap shot by Mattias Ekholm.
18:06 of 1st period - Stopped by Philipp Grubauer without a rebound.
18:07 of 1st period - Paul Stastny wins face-off versus Mark Scheifele in Lightning zone.
18:08 of 1st period - Backhand shot by James Van Riemsdyk.
18:08 of 1st period - Stopped by Philipp Grubauer with a rebound.
18:10 of 1st period - Snap shot by Marc Staal.
18:10 of 1st period - Shot Blocked by Joni Pitkanen.
18:12 of 1st period - Slapshot by Jack Johnson.
18:12 of 1st period - Stopped by Philipp Grubauer with a rebound.
18:14 of 1st period - Snap shot by Paul Stastny.
18:14 of 1st period - Deflect By James Van Riemsdyk.
18:14 of 1st period - Deflect By Kyle Clifford.
18:14 of 1st period - Shot Misses the Net.
18:14 of 1st period - Puck is out of play.
18:15 of 1st period - Mark Scheifele wins face-off versus Paul Stastny in Lightning zone.
18:28 of 1st period - Snap shot by Kyle Clifford.
18:28 of 1st period - Stopped by Semyon Varlamov with a rebound.
18:34 of 1st period - Wrist shot by Jack Johnson.
18:34 of 1st period - Stopped by Philipp Grubauer with a rebound.
18:58 of 1st period - Bobby Ryan is hit by Patric Hornqvist and loses puck.
19:07 of 1st period - Wrist shot by Mikkel Boedker.
19:07 of 1st period - Deflect By Patric Hornqvist.
19:07 of 1st period - Stopped by Philipp Grubauer with a rebound.
19:20 of 1st period - Icing by Patric Hornqvist.
19:21 of 1st period - Bryan Little wins face-off versus Brian Flynn in Avalanche zone.
19:34 of 1st period - Snap shot by Mikkel Boedker.
19:34 of 1st period - Stopped by Philipp Grubauer without a rebound.
19:35 of 1st period - Paul Stastny wins face-off versus Mark Scheifele in Lightning zone.
19:36 of 1st period - Slapshot by James Van Riemsdyk.
19:36 of 1st period - Shot Blocked by Justin Schultz.
19:38 of 1st period - Snap shot by Evgeny Dadonov.
19:38 of 1st period - Stopped by Philipp Grubauer with a rebound.
19:40 of 1st period - Snap shot by Erik Karlsson.
19:40 of 1st period - Shot Blocked by Justin Schultz.
19:42 of 1st period - Snap shot by Paul Stastny.
19:42 of 1st period - Shot Misses the Net.
Goals for this period are 0 for Avalanche vs 2 for Lightning .
Shots for this period are 16 for Avalanche vs 6 for Lightning .
2nd period
0:01 of 2nd period - Bryan Little wins face-off versus Mark Scheifele in neutral zone.
0:47 of 2nd period - Snap shot by Brian Flynn.
0:47 of 2nd period - Stopped by Semyon Varlamov without a rebound.
0:48 of 2nd period - Charlie Coyle wins face-off versus Brian Flynn in Avalanche zone.
0:53 of 2nd period - Slapshot by Jack Johnson.
0:53 of 2nd period - Deflect By Peter Prucha.
0:53 of 2nd period - Shot Blocked by Jon Merrill.
0:53 of 2nd period - Puck is out of play.
0:54 of 2nd period - Charlie Coyle wins face-off versus Brian Flynn in Lightning zone.
1:01 of 2nd period - Slapshot by Jack Johnson.
1:01 of 2nd period - Goal by Jack Johnson - Avalanche : 1 - Lightning : 2.
1:02 of 2nd period - Mark Scheifele wins face-off versus Bryan Little in neutral zone.
1:28 of 2nd period - Wrist shot by Paul Stastny.
1:28 of 2nd period - Shot Misses the Net.
1:30 of 2nd period - Snap shot by Colten Teubert.
1:30 of 2nd period - Shot Blocked by Jon Merrill.
1:32 of 2nd period - Snap shot by James Van Riemsdyk.
1:32 of 2nd period - Goal by James Van Riemsdyk - Avalanche : 2 - Lightning : 2.
1:33 of 2nd period - Bryan Little wins face-off versus Mark Scheifele in neutral zone.
1:38 of 2nd period - Wrist shot by Bryan Little.
1:38 of 2nd period - Stopped by Philipp Grubauer with a rebound.
2:00 of 2nd period - Evgeny Dadonov is hit by Bobby Ryan and loses puck.
2:11 of 2nd period - Slapshot by Evgeny Dadonov.
2:11 of 2nd period - Shot Misses the Net.
2:23 of 2nd period - Slapshot by Tomas Tatar.
2:23 of 2nd period - Shot Blocked by Brent Seabrook.
2:28 of 2nd period - Off-side.
2:29 of 2nd period - Stephen Weiss wins face-off versus Bryan Little in neutral zone.
3:26 of 2nd period - Snap shot by Brian Flynn.
3:26 of 2nd period - Shot Misses the Net.
3:28 of 2nd period - Slapshot by Shayne Gostisbehere.
3:28 of 2nd period - Stopped by Semyon Varlamov without a rebound.
3:29 of 2nd period - Mark Scheifele wins face-off versus Bryan Little in Avalanche zone.
4:00 of 2nd period - Slapshot by Justin Schultz.
4:00 of 2nd period - Shot Blocked by Jack Johnson.
4:45 of 2nd period - Snap shot by Alex Killorn.
4:45 of 2nd period - Deflect By Brian Flynn.
4:45 of 2nd period - Shot Misses the Net.
4:45 of 2nd period - Puck is out of play.
4:46 of 2nd period - Mark Scheifele wins face-off versus Bryan Little in Avalanche zone.
4:47 of 2nd period - Snap shot by Kyle Clifford.
4:47 of 2nd period - Stopped by Semyon Varlamov without a rebound.
4:48 of 2nd period - Bryan Little wins face-off versus Mark Scheifele in Avalanche zone.
4:55 of 2nd period - Kyle Clifford is hit by Mattias Ekholm and loses puck.
5:27 of 2nd period - Slapshot by Kyle Clifford.
5:27 of 2nd period - Deflect By Mark Scheifele.
5:27 of 2nd period - Shot Misses the Net.
5:27 of 2nd period - Puck is out of play.
5:28 of 2nd period - Alexander Wennberg wins face-off versus Paul Stastny in Avalanche zone.
5:33 of 2nd period - Slapshot by Sam Gagner.
5:33 of 2nd period - Shot Misses the Net.
5:55 of 2nd period - Jack Johnson is hit by Sergei Shirokov and loses puck.
6:08 of 2nd period - Backhand shot by Stephen Weiss.
6:08 of 2nd period - Shot Misses the Net.
6:18 of 2nd period - Snap shot by Brian Flynn.
6:18 of 2nd period - Shot Misses the Net.
6:22 of 2nd period - Wrist shot by Brian Flynn.
6:22 of 2nd period - Shot Blocked by Marc Staal.
6:24 of 2nd period - Wrist shot by Brent Seabrook.
6:24 of 2nd period - Shot Misses the Net.
6:26 of 2nd period - Snap shot by Jesper Fast.
6:26 of 2nd period - Stopped by Semyon Varlamov with a rebound.
7:21 of 2nd period - Bobby Ryan is hit by Bryan Little and loses puck.
7:34 of 2nd period - Minor Penalty to Mikkel Boedker for Roughing.
7:35 of 2nd period - Mark Scheifele wins face-off versus Charlie Coyle in Avalanche zone.
8:00 of 2nd period - Mattias Ekholm is hit by Joni Pitkanen and loses puck.
9:34 of 2nd period - Penalty to Mikkel Boedker is over, Mikkel Boedker is back on ice.
9:44 of 2nd period - Patric Hornqvist is hit by Jesper Fast and loses puck.
9:49 of 2nd period - Slapshot by Brian Flynn.
9:49 of 2nd period - Shot Misses the Net.
9:54 of 2nd period - Off-side.
9:55 of 2nd period - Paul Stastny wins face-off versus Ondrej Palat in neutral zone.
10:30 of 2nd period - Ben Lovejoy is hit by Patric Hornqvist and loses puck.
10:56 of 2nd period - Snap shot by Mark Scheifele.
10:56 of 2nd period - Stopped by Semyon Varlamov without a rebound.
10:57 of 2nd period - Paul Stastny wins face-off versus Mark Scheifele in Avalanche zone.
11:02 of 2nd period - Slapshot by Jack Johnson.
11:02 of 2nd period - Shot Blocked by Brent Seabrook.
11:04 of 2nd period - Slapshot by Marc Staal.
11:04 of 2nd period - Shot Blocked by Brent Seabrook.
11:06 of 2nd period - Slapshot by Marc Staal.
11:06 of 2nd period - Stopped by Philipp Grubauer with a rebound.
11:08 of 2nd period - Slapshot by Jack Johnson.
11:08 of 2nd period - Shot Misses the Net.
11:10 of 2nd period - Slapshot by Marc Staal.
11:10 of 2nd period - Shot Misses the Net.
11:12 of 2nd period - Slapshot by Marc Staal.
11:12 of 2nd period - Stopped by Philipp Grubauer with a rebound.
11:14 of 2nd period - Snap shot by James Van Riemsdyk.
11:14 of 2nd period - Shot Misses the Net.
11:35 of 2nd period - Slapshot by Alexander Wennberg.
11:35 of 2nd period - Shot Blocked by Marc Staal.
11:45 of 2nd period - Shayne Gostisbehere is hit by Charlie Coyle and loses puck.
12:25 of 2nd period - Icing by Justin Schultz.
12:26 of 2nd period - Brian Flynn wins face-off versus Paul Stastny in Lightning zone.
12:26 of 2nd period - Brian Flynn is hit by Paul Stastny.
12:40 of 2nd period - Backhand shot by Kyle Clifford.
12:40 of 2nd period - Shot Blocked by Danny Richmond.
12:42 of 2nd period - Snap shot by Mark Scheifele.
12:42 of 2nd period - Shot Misses the Net.
13:26 of 2nd period - Ondrej Palat is hit by Andrew Ladd and loses puck.
14:02 of 2nd period - Jon Merrill is hit by James Van Riemsdyk and loses puck.
15:25 of 2nd period - Danny Richmond is hit by Alex Killorn.
15:34 of 2nd period - Shayne Gostisbehere is hit by Evgeny Dadonov and loses puck.
15:45 of 2nd period - Colten Teubert is hit by Shayne Gostisbehere and loses puck.
16:07 of 2nd period - Justin Schultz is hit by Marc Staal and loses puck.
16:15 of 2nd period - Andrew Ladd is hit by Ondrej Palat.
16:27 of 2nd period - Peter Prucha is hit by Kyle Clifford and loses puck.
16:47 of 2nd period - Peter Prucha is hit by Brian Flynn and loses puck.
16:58 of 2nd period - Snap shot by Brian Flynn.
16:58 of 2nd period - Stopped by Semyon Varlamov without a rebound.
16:59 of 2nd period - Bryan Little wins face-off versus Alexander Wennberg in Avalanche zone.
17:11 of 2nd period - Joni Pitkanen is hit by Mikkel Boedker and loses puck.
17:18 of 2nd period - Erik Karlsson is hit by Joni Pitkanen and loses puck.
17:29 of 2nd period - Snap shot by Kyle Clifford.
17:29 of 2nd period - Stopped by Semyon Varlamov with a rebound.
17:39 of 2nd period - Snap shot by Kyle Clifford.
17:39 of 2nd period - Stopped by Semyon Varlamov without a rebound.
17:40 of 2nd period - Kyle Turris wins face-off versus Stephen Weiss in Avalanche zone.
17:47 of 2nd period - Snap shot by Tomas Tatar.
17:47 of 2nd period - Shot Misses the Net.
18:39 of 2nd period - Off-side.
18:40 of 2nd period - Paul Stastny wins face-off versus Rickard Rakell in neutral zone.
18:54 of 2nd period - Minor Penalty to Rickard Rakell for Boarding.
18:55 of 2nd period - Bryan Little wins face-off versus Mark Scheifele in Lightning zone.
19:11 of 2nd period - Backhand shot by Mikkel Boedker.
19:11 of 2nd period - Stopped by Philipp Grubauer with a rebound.
19:21 of 2nd period - Mark Scheifele is hit by Paul Stastny and loses puck.
19:56 of 2nd period - Snap shot by Ondrej Palat.
19:56 of 2nd period - Shot Misses the Net.
Goals for this period are 2 for Avalanche vs 0 for Lightning .
Shots for this period are 6 for Avalanche vs 8 for Lightning .
3rd period
0:01 of 3rd period - Bryan Little wins face-off versus Mark Scheifele in neutral zone.
0:16 of 3rd period - Snap shot by Bryan Little.
0:16 of 3rd period - Stopped by Philipp Grubauer with a rebound.
0:54 of 3rd period - Penalty to Rickard Rakell is over, Rickard Rakell is back on ice.
0:55 of 3rd period - Slapshot by Bobby Ryan.
0:55 of 3rd period - Shot Blocked by Bryan Little.
1:06 of 3rd period - Off-side.
1:07 of 3rd period - Tomas Tatar wins face-off versus Brian Flynn in neutral zone.
1:44 of 3rd period - Snap shot by Brian Flynn.
1:44 of 3rd period - Goal by Brian Flynn - Avalanche : 2 - Lightning : 3.
1:45 of 3rd period - Mark Scheifele wins face-off versus Bryan Little in neutral zone.
1:50 of 3rd period - Slapshot by Brent Seabrook.
1:50 of 3rd period - Stopped by Semyon Varlamov with a rebound.
3:22 of 3rd period - Brent Seabrook is hit by Mikkel Boedker and loses puck.
3:29 of 3rd period - Erik Karlsson is hit by Brent Seabrook and loses puck.
4:35 of 3rd period - Joni Pitkanen is hit by Danny Richmond and loses puck.
5:28 of 3rd period - Justin Schultz is hit by Charlie Coyle and loses puck.
5:48 of 3rd period - Snap shot by Alex Killorn.
5:48 of 3rd period - Stopped by Semyon Varlamov without a rebound.
5:49 of 3rd period - Bryan Little wins face-off versus Brian Flynn in Avalanche zone.
6:03 of 3rd period - Slapshot by Jon Merrill.
6:03 of 3rd period - Shot Blocked by Erik Karlsson.
6:15 of 3rd period - Kyle Clifford is hit by James Van Riemsdyk and loses puck.
6:24 of 3rd period - Slapshot by Kyle Clifford.
6:24 of 3rd period - Stopped by Semyon Varlamov without a rebound.
6:25 of 3rd period - Paul Stastny wins face-off versus Alexander Wennberg in Avalanche zone.
6:53 of 3rd period - Slapshot by Shayne Gostisbehere.
6:53 of 3rd period - Shot Misses the Net.
7:11 of 3rd period - Wrist shot by Stephen Weiss.
7:11 of 3rd period - Stopped by Semyon Varlamov with a rebound.
7:13 of 3rd period - Slapshot by Shayne Gostisbehere.
7:13 of 3rd period - Stopped by Semyon Varlamov with a rebound.
7:15 of 3rd period - Snap shot by Ondrej Palat.
7:15 of 3rd period - Shot Blocked by Erik Karlsson.
7:54 of 3rd period - Off-side.
7:55 of 3rd period - Paul Stastny wins face-off versus Sam Gagner in neutral zone.
8:01 of 3rd period - Jon Merrill is hit by Jack Johnson and loses puck.
8:09 of 3rd period - Minor Penalty to Paul Stastny for Hooking.
8:10 of 3rd period - Charlie Coyle wins face-off versus Mark Scheifele in Avalanche zone.
8:10 of 3rd period - Charlie Coyle is hit by Kyle Clifford.
8:46 of 3rd period - Minor Penalty to Joni Pitkanen for Holding.
8:47 of 3rd period - Mark Scheifele wins face-off versus Mikkel Boedker in Lightning zone.
8:52 of 3rd period - Mikkel Boedker is hit by Brent Seabrook and loses puck.
8:59 of 3rd period - Slapshot by Kyle Clifford.
8:59 of 3rd period - Stopped by Semyon Varlamov with a rebound.
9:01 of 3rd period - Backhand shot by Kyle Clifford.
9:01 of 3rd period - Shot Misses the Net.
9:49 of 3rd period - Charlie Coyle is hit by Bobby Ryan.
9:55 of 3rd period - Alexander Wennberg is hit by Erik Karlsson and loses puck.
10:00 of 3rd period - Wrist shot by Andrew Ladd.
10:00 of 3rd period - Shot Misses the Net.
10:02 of 3rd period - Wrist shot by Charlie Coyle.
10:02 of 3rd period - Shot Misses the Net.
10:04 of 3rd period - Wrist shot by Charlie Coyle.
10:04 of 3rd period - Stopped by Philipp Grubauer with a rebound.
10:06 of 3rd period - Slapshot by Erik Karlsson.
10:06 of 3rd period - Stopped by Philipp Grubauer with a rebound.
10:08 of 3rd period - Snap shot by Andrew Ladd.
10:08 of 3rd period - Stopped by Philipp Grubauer without a rebound.
10:09 of 3rd period - Penalty to Paul Stastny is over, Paul Stastny is back on ice.
10:09 of 3rd period - Paul Stastny wins face-off versus Mark Scheifele in Lightning zone.
10:12 of 3rd period - Snap shot by Paul Stastny.
10:12 of 3rd period - Goal by Paul Stastny - Avalanche : 3 - Lightning : 3.
10:13 of 3rd period - Bryan Little wins face-off versus Mark Scheifele in neutral zone.
10:27 of 3rd period - Snap shot by Bryan Little.
10:27 of 3rd period - Shot Blocked by Brent Seabrook.
10:29 of 3rd period - Snap shot by Mikkel Boedker.
10:29 of 3rd period - Shot Misses the Net.
10:56 of 3rd period - Minor Penalty to Bobby Ryan for Roughing.
10:57 of 3rd period - Mark Scheifele wins face-off versus Mikkel Boedker in Lightning zone.
11:06 of 3rd period - Kyle Clifford is hit by Patric Hornqvist.
11:12 of 3rd period - Backhand shot by Mikkel Boedker.
11:12 of 3rd period - Shot Misses the Net.
12:49 of 3rd period - Rickard Rakell is hit by Evgeny Dadonov and loses puck.
12:56 of 3rd period - Penalty to Bobby Ryan is over, Bobby Ryan is back on ice.
13:06 of 3rd period - Shayne Gostisbehere is hit by Peter Prucha and loses puck.
13:15 of 3rd period - Wrist shot by Peter Prucha.
13:15 of 3rd period - Shot Misses the Net.
13:17 of 3rd period - Snap shot by Andrew Ladd.
13:17 of 3rd period - Stopped by Philipp Grubauer with a rebound.
13:27 of 3rd period - Snap shot by Tomas Tatar.
13:27 of 3rd period - Shot Blocked by Shayne Gostisbehere.
13:29 of 3rd period - Snap shot by Kyle Turris.
13:29 of 3rd period - Stopped by Philipp Grubauer with a rebound.
13:31 of 3rd period - Snap shot by Mattias Ekholm.
13:31 of 3rd period - Stopped by Philipp Grubauer with a rebound.
13:35 of 3rd period - Wrist shot by Luke Witkowski.
13:35 of 3rd period - Shot Misses the Net.
13:37 of 3rd period - Snap shot by Kyle Turris.
13:37 of 3rd period - Stopped by Philipp Grubauer without a rebound.
13:38 of 3rd period - Charlie Coyle wins face-off versus Stephen Weiss in Lightning zone.
13:45 of 3rd period - Snap shot by Peter Prucha.
13:45 of 3rd period - Shot Misses the Net.
13:47 of 3rd period - Snap shot by Charlie Coyle.
13:47 of 3rd period - Shot Blocked by Jon Merrill.
13:49 of 3rd period - Slapshot by Andrew Ladd.
13:49 of 3rd period - Goal by Andrew Ladd - Avalanche : 4 - Lightning : 3.
13:50 of 3rd period - Bryan Little wins face-off versus Mark Scheifele in neutral zone.
13:57 of 3rd period - Wrist shot by Mikkel Boedker.
13:57 of 3rd period - Shot Misses the Net.
14:48 of 3rd period - Snap shot by Paul Stastny.
14:48 of 3rd period - Shot Misses the Net.
14:50 of 3rd period - Wrist shot by Erik Karlsson.
14:50 of 3rd period - Deflect By Evgeny Dadonov.
14:50 of 3rd period - Stopped by Philipp Grubauer with a rebound.
15:00 of 3rd period - Jon Merrill is hit by Tomas Tatar and loses puck.
15:43 of 3rd period - Snap shot by Alexander Wennberg.
15:43 of 3rd period - Stopped by Semyon Varlamov with a rebound.
15:45 of 3rd period - Slapshot by Jon Merrill.
15:45 of 3rd period - Stopped by Semyon Varlamov with a rebound.
15:49 of 3rd period - Wrist shot by Bobby Ryan.
15:49 of 3rd period - Goal by Bobby Ryan - Avalanche : 4 - Lightning : 4.
15:50 of 3rd period - Stephen Weiss wins face-off versus Charlie Coyle in neutral zone.
15:53 of 3rd period - Slapshot by Brent Seabrook.
15:53 of 3rd period - Stopped by Semyon Varlamov without a rebound.
15:54 of 3rd period - Charlie Coyle wins face-off versus Stephen Weiss in Avalanche zone.
15:54 of 3rd period - Charlie Coyle is hit by Sergei Shirokov.
16:04 of 3rd period - Slapshot by Peter Prucha.
16:04 of 3rd period - Stopped by Philipp Grubauer without a rebound.
16:05 of 3rd period - Charlie Coyle wins face-off versus Sergei Shirokov in Lightning zone.
16:59 of 3rd period - Jack Johnson is hit by Ben Lovejoy.
17:05 of 3rd period - Slapshot by Evgeny Dadonov.
17:05 of 3rd period - Stopped by Philipp Grubauer without a rebound.
17:06 of 3rd period - Brian Flynn wins face-off versus Charlie Coyle in Lightning zone.
17:32 of 3rd period - Snap shot by Bryan Little.
17:32 of 3rd period - Deflect By Patric Hornqvist.
17:32 of 3rd period - Stopped by Philipp Grubauer without a rebound.
17:33 of 3rd period - Bryan Little wins face-off versus Stephen Weiss in Lightning zone.
17:47 of 3rd period - Ben Lovejoy is hit by Mikkel Boedker and loses puck.
18:40 of 3rd period - Slapshot by Justin Schultz.
18:40 of 3rd period - Goal by Justin Schultz - Avalanche : 4 - Lightning : 5.
18:41 of 3rd period - Mark Scheifele wins face-off versus Charlie Coyle in neutral zone.
18:41 of 3rd period - Mark Scheifele is hit by Charlie Coyle.
18:44 of 3rd period - Kyle Clifford is hit by Peter Prucha and loses puck.
19:09 of 3rd period - Avalanche, Semyon Varlamov is pulled from the net.
19:43 of 3rd period - Wrist shot by Patric Hornqvist.
19:43 of 3rd period - Shot Misses the Net.
19:49 of 3rd period - Wrist shot by Bryan Little.
19:49 of 3rd period - Shot Misses the Net.
19:55 of 3rd period - Snap shot by Mikkel Boedker.
19:55 of 3rd period - Shot Misses the Net.
Goals for this period are 2 for Avalanche vs 3 for Lightning .
Shots for this period are 14 for Avalanche vs 12 for Lightning .
Output by the SimonT Hockey Simulator (STHS) for Francois Prevost